 Dungeon Crawl Stone Soup version 0.22.0-32-gbc6daba (webtiles) character file.

182 Lew the Skirmisher (level 5, 0/47 HPs)
             Began as a Gnoll Abyssal Knight on Aug 23, 2018.
             Was a Believer of Lugonu.
             Killed by nerve-wracking pain
             ... invoked by Grinder
              (13 damage)
             ... on level 3 of the Dungeon.
             The game lasted 00:04:43 (1997 turns).

Lew the Skirmisher (Gnoll Abyssal Knight)           Turns: 1997, Time: 00:04:43

Health: 0/47       AC: 11    Str: 15    XL:     5   Next: 61%
Magic:  8/8        EV: 11    Int: 15    God:    Lugonu [**....]
Gold:   129        SH:  0    Dex:  8    Spells: 7/7 levels left

rFire    . . .     SeeInvis .   m - +2 whip (elec)
rCold    . . .     Gourm    .   (no shield)
rNeg     . . .     Faith    .   h - +3 ring mail
rPois    .         Spirit   .   i - +0 helmet
rElec    .         Reflect  .   (no cloak)
rCorr    +         Harm     .   (no gloves)
MR       .....                  l - +0 pair of boots
Stlth    +.........             (no amulet)
HPRegen  0.15/turn              e - ring of resist corrosion
MPRegen  0.11/turn              k - -6 ring of dexterity (curse)

@: no status effects
A: distributed training, fangs 1, strong nose
a: Depart the Abyss, Bend Space, Renounce Religion


You were on level 3 of the Dungeon.
You worshipped Lugonu.
Lugonu was pleased with you.
You were hungry.

You visited 1 branch of the dungeon, and saw 3 of its levels.
You visited the Abyss 1 time.

You collected 129 gold pieces.

Inventory:

Hand Weapons
 a - a +1 hand axe
 m - a +2 whip of electrocution (weapon)
Armour
 h - a +3 ring mail (worn)
 i - a +0 helmet (worn)
 l - a +0 pair of boots (worn)
Jewellery
 e - a ring of resist corrosion (left hand)
 f - an uncursed ring of protection from fire
 k - a cursed -6 ring of dexterity (right hand)
 n - an uncursed ring of magical power
Scrolls
 b - a scroll of identify
 o - a scroll of noise {unknown}
Potions
 d - a potion of lignification
 g - 2 potions of flight
 j - a potion of might {unknown}
Comestibles
 c - 6 rations


   Skills:
 + Level 6.7 Fighting
 + Level 1.5 Short Blades
 + Level 1.5 Long Blades
 + Level 4.8 Axes
 + Level 1.5 Maces & Flails
 + Level 1.5 Polearms
 + Level 1.5 Staves
 + Level 1.5 Slings
 + Level 1.5 Bows
 + Level 1.5 Crossbows
 + Level 1.5 Throwing
 + Level 4.8 Armour
 + Level 3.0 Dodging
 + Level 1.5 Stealth
 + Level 1.5 Shields
 + Level 1.5 Unarmed Combat
 + Level 1.5 Spellcasting
 + Level 1.2 Conjurations
 + Level 1.2 Hexes
 + Level 1.2 Charms
 + Level 1.2 Summonings
 + Level 1.2 Necromancy
 + Level 1.2 Translocations
 + Level 1.2 Transmutations
 + Level 1.2 Fire Magic
 + Level 1.2 Ice Magic
 + Level 1.2 Air Magic
 + Level 1.2 Earth Magic
 + Level 1.2 Poison Magic
 + Level 4.9 Invocations
 + Level 1.5 Evocations


You had 7 spell levels left.
You didn't know any spells.
Your spell library was empty.

Dungeon Overview and Level Annotations

Branches:
Dungeon (3/15)

Altars:
Xom

Annotations:
D:3 Grinder


Innate Abilities, Weirdness & Mutations

Your experience applies equally to all skills.
You have very sharp teeth.
Your uncanny sense of smell can sniff out nearby items.


Message History

You kill the bat!
Lugonu accepts your kill.
Grinder blinks!
Grinder says, "Wait up."
Grinder gestures at you. Pain shoots through your body!
Grinder gestures at you. You resist with significant effort.
Grinder hits you but does no damage.
You barely miss Grinder.
Grinder is severely wounded.
Grinder hits you.
* * * LOW HITPOINT WARNING * * *
You writhe in agony.
* * * LOW HITPOINT WARNING * * *
You hit Grinder but do no damage.
Grinder is severely wounded.
Grinder gestures at you. Pain shoots through your body!
You die...

#.######.#####.##
#.##...<.......# ######
#.##.........###.
.#.....##.##.............
......>..............####
.........#############
.........# ........5#
........@# .........#
........## .#.....##
######


You could see Grinder.

Vanquished Creatures
  An orc wizard (D:3)
  Ijyb (D:3)
  Robin (D:3)
  4 adders
  An ooze (D:2)
  A worm (D:2)
  A dart slug (D:2)
  3 leopard geckos
  5 orcs (D:3)
  5 giant cockroaches
  12 goblins
  7 hobgoblins
  A quokka (D:3)
  2 ball pythons
  7 bats
  7 frilled lizards
  4 kobolds
  2 rats (D:2)
65 creatures vanquished.

Notes
Turn   | Place    | Note
-------+----------+-------------------------------------------
     0 | Abyss:1  | Lew the Gnoll Abyssal Knight began the quest for the Orb.
     0 | Abyss:1  | Reached XP level 1. HP: 23/23 MP: 3/3
    19 | Abyss:1  | Found a corrupted altar of Lugonu.
    85 | Abyss:1  | Noticed an angel
    91 | D:1      | Escaped the Abyss
   568 | D:1      | Reached * piety under Lugonu
   568 | D:1      | Reached XP level 2. HP: 21/29 MP: 5/5
   934 | D:2      | Reached XP level 3. HP: 34/35 MP: 6/6
   987 | D:2      | Reached skill level 1 in Short Blades
   987 | D:2      | Reached skill level 1 in Long Blades
   987 | D:2      | Reached skill level 1 in Maces & Flails
   987 | D:2      | Reached skill level 1 in Polearms
   987 | D:2      | Reached skill level 1 in Staves
   987 | D:2      | Reached skill level 1 in Slings
   987 | D:2      | Reached skill level 1 in Bows
   987 | D:2      | Reached skill level 1 in Crossbows
   987 | D:2      | Reached skill level 1 in Throwing
   987 | D:2      | Reached skill level 1 in Stealth
   987 | D:2      | Reached skill level 1 in Shields
   987 | D:2      | Reached skill level 1 in Unarmed Combat
   987 | D:2      | Reached skill level 1 in Spellcasting
   987 | D:2      | Reached skill level 1 in Evocations
  1099 | D:2      | Reached XP level 4. HP: 41/41 MP: 7/7
  1324 | D:2      | Found a shimmering altar of Xom.
  1511 | D:3      | Noticed Robin
  1535 | D:3      | Reached ** piety under Lugonu
  1547 | D:3      | Killed Robin
  1547 | D:3      | Reached skill level 1 in Conjurations
  1547 | D:3      | Reached skill level 1 in Hexes
  1547 | D:3      | Reached skill level 1 in Charms
  1547 | D:3      | Reached skill level 1 in Summonings
  1547 | D:3      | Reached skill level 1 in Necromancy
  1547 | D:3      | Reached skill level 1 in Translocations
  1547 | D:3      | Reached skill level 1 in Transmutations
  1547 | D:3      | Reached skill level 1 in Fire Magic
  1547 | D:3      | Reached skill level 1 in Ice Magic
  1547 | D:3      | Reached skill level 1 in Air Magic
  1547 | D:3      | Reached skill level 1 in Earth Magic
  1547 | D:3      | Reached skill level 1 in Poison Magic
  1607 | D:3      | Reached XP level 5. HP: 37/47 MP: 8/8
  1695 | D:3      | Noticed Ijyb
  1725 | D:3      | Killed Ijyb
  1971 | D:3      | Noticed Grinder
  1971 | D:3      | Paralysed by Grinder for 2 turns
  1977 | D:3      | Paralysed by Grinder for 3 turns
  1997 | D:3      | Killed from afar by Grinder

Skill      XL: |  1  2  3  4  5 |
---------------+----------------+-----
Short Blades   | 1 |  1.5
Long Blades    | 1 |  1.5
Maces & Flails | 1 |  1.5
Polearms       | 1 |  1.5
Staves         | 1 |  1.5
Slings         | 1 |  1.5
Bows           | 1 |  1.5
Crossbows      | 1 |  1.5
Throwing       | 1 |  1.5
Stealth        | 1 |  1.5
Shields        | 1 |  1.5
Unarmed Combat | 1 |  1.5
Spellcasting   | 1 |  1.5
Evocations     | 1 |  1.5
Conjurations   | 1 |  1.2
Hexes          | 1 |  1.2
Charms         | 1 |  1.2
Summonings     | 1 |  1.2
Necromancy     | 1 |  1.2
Translocations | 1 |  1.2
Transmutations | 1 |  1.2
Fire Magic     | 1 |  1.2
Ice Magic      | 1 |  1.2
Air Magic      | 1 |  1.2
Earth Magic    | 1 |  1.2
Poison Magic   | 1 |  1.2
Dodging        | 3 |  3.0
Fighting       | |  6.7
Axes           | |  4.8
Armour         | |  4.8
Invocations    | |  4.9

Action                   |  1- 3 |  4- 6 || total
-------------------------+-------+-------++-------
Melee: Hand axe          |    27 |       ||    27
       Whip              |    34 |   115 ||   149
       Bite              |     5 |    11 ||    16
Invok: Depart the Abyss  |     1 |       ||     1
  Use: Scroll            |     4 |     1 ||     5
       Potion            |     3 |       ||     3
 Stab: Sleeping          |     2 |       ||     2
  Eat: Chunk             |       |     3 ||     3
Armor: Leather armour    |    15 |       ||    15
       Ring mail         |       |    62 ||    62
Dodge: Dodged            |    48 |    83 ||   131
